 Dungeon Crawl Stone Soup version 0.30.0-30-g96aa6591b8 (webtiles) character file.

Game seed: 9321021207211438203

49 AgateBread the Slasher (level 3, 0/28 HPs)
             Began as a Demonspawn Gladiator on July 1, 2023.
             Slain by a goblin
             ... wielding a +0 club
             ... led by Robin
              (2 damage)
             ... on level 2 of the Dungeon.
             The game lasted 00:03:53 (1547 turns).

AgateBread the Slasher (Demonspawn Gladiator)       Turns: 1547, Time: 00:03:54

Health: 0/28       AC:  7    Str: 14    XL:     3   Next: 53%
Magic:  3/3        EV: 12    Int:  9    God:
Gold:   47         SH:  0    Dex: 16    Spells: 2/2 levels left

rFire   . . .        i - +0 broad axe
rCold   . . .        (no shield)
rNeg    . . .        m - +0 scale mail
rPois   .            c - +0 helmet
rElec   .            (no cloak)
rCorr   .            (no gloves)
SInv    .            (no boots)
Will    .....        (no amulet) Stlth
                     (no ring)
HPRegen 0.24/turn    (no ring)
MPRegen 0.08/turn

%: no passive effects
@: flying
A: repulsion field 1
a: no special abilities


You were on level 2 of the Dungeon.
You visited 1 branch of the dungeon, and saw 2 of its levels.

You collected 47 gold pieces.

Inventory:

Hand Weapons
 a - a +0 long sword
 i - a +0 broad axe (weapon)
Missiles
 d - 3 throwing nets
 e - a javelin (quivered)
Armour
 b - a +0 leather armour
 c - a +0 helmet (worn)
 m - a +0 scale mail (worn)
Scrolls
 f - a scroll of identify {unknown}
 h - a scroll of silence {unknown}
 j - a scroll of immolation {unknown}
 k - a scroll of poison {unknown}
Potions
 l - a potion of flight


   Skills:
 + Level 2.7 Fighting
 + Level 3.2 Long Blades
 - Level 1.7 Throwing
 + Level 1.5 Armour
 - Level 2.6 Dodging


You had 2 spell levels left.
You didn't know any spells.
Your spell library contained the following spells:

 Spells                   Type           Power      Damage    Failure   Level
 Ensorcelled Hibernation  Hex/Ice        0%         N/A       95%         2
 Passwall                 Tmut/Erth      0%         N/A       95%         2
 Swiftness                Air            0%         N/A       99%         3


Dungeon Overview and Level Annotations

Branches:
Dungeon (2/15)

Altars:

Annotations:
D:2 Robin


Innate Abilities, Weirdness & Mutations

You are surrounded by a mild repulsion field. (EV +2)


Message History

The goblin hits you with a +0 dagger.
* * * LOW HITPOINT WARNING * * *
The hobgoblin barely misses you. Robin barely misses you.
The goblin hits you but does no damage.
The quokka bites you but does no damage.
The goblin barely misses you.
Okay, then.
It was a potion of flight.
You feel very buoyant.
You fly up into the air.
The quokka closely misses you. The goblin misses you.
The goblin closely misses you. The frilled lizard closely misses you.
A goblin comes into view. It is wielding a +0 dagger. x2
The goblin barely misses you.
The hobgoblin hits you but does no damage.
Robin roars a battlecry!
The goblin goes into a battle-frenzy!
The goblin hits you but does no damage.
The goblin shouts!
It was a potion of curing.
You feel better. The quokka closely misses you.
The goblin hits you with a +0 dagger. x2
The frilled lizard bites you but does no damage.
The goblin hits you but does no damage. The hobgoblin barely misses you.
Robin hits you but does no damage. The goblin hits you but does no damage.
You closely miss the goblin.
The goblin is heavily wounded.
You closely miss the goblin. You slash the frilled lizard!
You kill the frilled lizard!
You hit the quokka.
You kill the quokka!
You closely miss the goblin. You barely miss the goblin.
You slash the hobgoblin!
You kill the hobgoblin!
The goblin hits you with a +0 dagger. The goblin completely misses you.
A goblin comes into view. It is wielding a +0 club.
Robin throws the goblin at you!
* * * LOW HITPOINT WARNING * * *
The goblin hits you but does no damage. The goblin hits you with a +0 dagger.
* * * LOW HITPOINT WARNING * * *
The goblin hits you but does no damage. x2; The goblin hits you with a +0 club.
You die...

..... #.^.......
.....######...##...
..#..............#
...$.....<<.#.#.#
..........##....#
..#....g####††.##
...........#..#####
..#......#gg........
. #.##...g@gg.###...
#. #.#..gg......## .
#.##.g##.##... . #.
#.g##$# .. #.g# .# .
#... .. #..# g #..#


You could see Robin and 9 goblins.

Vanquished Creatures
  Terence (D:1)
  A worm (D:2)
  A dart slug (D:1)
  3 ball pythons (D:1)
  4 endoplasms (D:1)
  2 goblins (D:1)
  2 hobgoblins (D:2)
  2 jackals (D:2)
  A quokka (D:2)
  3 bats
  4 frilled lizards
  A kobold (D:1)
25 creatures vanquished.

Notes
Turn   | Place    | Note
-------+----------+-------------------------------------------
     0 | D:1      | AgateBread the Demonspawn Gladiator began the quest for the
                  | Orb.
     0 | D:1      | Reached XP level 1. HP: 16/16 MP: 1/1
   327 | D:1      | Gained mutation: You are surrounded by a mild repulsion
                  | field. (EV +2) [demonic ancestry]
   327 | D:1      | Reached XP level 2. HP: 19/22 MP: 2/2
   587 | D:1      | Reached skill level 1 in Armour
   605 | D:1      | Reached skill level 3 in Long Blades
   882 | D:2      | Noticed Terence
   902 | D:1      | Killed Terence
   903 | D:1      | Reached XP level 3. HP: 7/28 MP: 3/3
  1539 | D:2      | Noticed Robin
  1547 | D:2      | Slain by a goblin

Illustrated notes

Levels and vault maps discovered:
D:1:      dpeg_arrival_shelter, layout_loops_corners
D:2:      minmay_thinvault, layout_rooms, basic_altar, minmay_cupped,
          uniq_jessica, uniq_robin, uniq_terence

Skill      XL: |  1  2 |
---------------+-------+-----
Armour         | 1 |  1.5
Long Blades    | 3 |  3.2
Fighting       | |  2.7
Throwing       | |  1.7
Dodging        | |  2.6

Action                     || total
---------------------------++-------
  Melee: Long sword        ||    69
         Punch             ||     2
         Broad axe         ||     1
  Throw: Throwing net      ||     1
    Use: Potion            ||     2
   Stab: Sleeping          ||     1
 Armour: Leather armour    ||    10
         Scale mail        ||    62
  Dodge: Dodged            ||   114
